 Dungeon Crawl Stone Soup version 0.23-a0-582-g1b4a0ca (console) character file.

229 bli the Magician (level 6, 0/46 HPs)
             Began as a Merfolk Wanderer on Dec 16, 2018.
             Succumbed to an adder's poison
             ... on level 3 of the Dungeon.
             The game lasted 00:16:22 (3356 turns).

bli the Magician (Merfolk Wanderer)                 Turns: 3356, Time: 00:16:22

Health: 0/46       AC:  3    Str:  7 (10) XL:     6   Next: 3%
Magic:  3/12       EV: 18    Int: 14 (17) God:
Gold:   126        SH:  0    Dex: 20 (22) Spells: 5/14 levels left

rFire    . . .     SeeInvis .   A - -1 spear (curse)
rCold    . . .     Gourm    .   (no shield)
rNeg     . . .     Faith    .   d - +0 robe
rPois    .         Spirit   .   (no helmet)
rElec    .         Reflect  .   (no cloak)
rCorr    .         Harm     .   (no gloves)
MR       .....                  w - +0 pair of boots
Stlth    ++++......             (no amulet)
HPRegen  0.15/turn              r - ring of stealth (curse)
MPRegen  0.13/turn              (no ring)

@: brilliant, agile, lethally poisoned (0 -> -10), very slightly contaminated,
hasted and slowed
A: change form in water, swift swim, stealthy swim
a: no special abilities


You were on level 3 of the Dungeon.
You were not hungry.

You visited 1 branch of the dungeon, and saw 3 of its levels.

You collected 126 gold pieces.

Inventory:

Hand Weapons
 b - a +0 spear
 e - a +1 whip of holy wrath
 A - a cursed -1 spear (weapon)
Missiles
 i - 62 stones (quivered)
 z - 4 tomahawks
Armour
 d - a +0 robe (worn)
 p - a cursed +0 ring mail
 w - a +0 pair of boots (worn)
 x - a +0 large shield
 y - a cursed +0 leather armour
Jewellery
 r - a cursed ring of stealth (left hand)
Scrolls
 a - a scroll of enchant armour {unknown}
 c - 2 scrolls of teleportation
 j - 3 scrolls of amnesia {unknown}
 n - 3 scrolls of identify {unknown}
 q - 3 scrolls of remove curse {unknown}
 u - a scroll of magic mapping {unknown}
 v - a scroll of noise {unknown}
Potions
 h - a potion of flight {unknown}
 k - a potion of curing {unknown}
 l - a potion of agility
 m - a potion of brilliance
 o - 2 potions of haste
 s - a potion of mutation {unknown}
 t - a potion of degeneration
Comestibles
 f - 6 rations
 g - a chunk of flesh


   Skills:
 * Level 2.7 Fighting
 + Level 4.0 Polearms
 + Level 2.1 Dodging
 + Level 1.8 Stealth
 - Level 1.0 Shields
 + Level 4.5 Spellcasting
 + Level 0.2 Conjurations
 + Level 1.1 Charms
 - Level 2.0 Ice Magic
 * Level 0.3 Poison Magic


You had 5 spell levels left.
You knew the following spells:

 Your Spells              Type           Power        Failure   Level  Hunger
a - Freeze                Ice            ###.         1%          1    None
b - Throw Frost           Conj/Ice       ##....       2%          2    ##.....
c - Mephitic Cloud        Conj/Pois/Air  ##......     6%          3    ###....
O - Ozocubu's Armour      Chrm/Ice       ###.....     3%          3    ###....

Your spell library contained the following spells:

 Spells                   Type           Power        Failure   Level  Hunger
 Magic Dart               Conj           ##..         2%          1    None
 Blink                    Tloc           N/A          3%          2    ##.....
 Call Imp                 Summ           ##......     3%          2    ##.....
 Slow                     Hex            ##......     3%          2    ##.....
 Conjure Flame            Conj/Fire      ##......     6%          3    ###....
 Summon Ice Beast         Ice/Summ       ##......     13%         4    ####...
 Throw Icicle             Conj/Ice       ##......     13%         4    ####...


Dungeon Overview and Level Annotations

Branches:
Dungeon (3/15)

Altars:
Okawaru


Message History

The adder is lightly wounded.
The adder seems to slow down.
* * * LOW HITPOINT WARNING * * *
You feel sick. The adder barely misses you.
You barely miss the adder.
The adder is lightly wounded.
* * * LOW HITPOINT WARNING * * *
You feel sick. The adder misses you.
It was a potion of agility.
You feel agile all of a sudden.
* * * LOW HITPOINT WARNING * * *
You feel sick.
It was a potion of brilliance.
You feel clever all of a sudden.
* * * LOW HITPOINT WARNING * * *
You feel sick.
The adder is no longer moving slowly.
The adder completely It was a potion of degeneration.
There was something very wrong with that liquid.
You feel weakened.
You feel dopey.
You feel clumsy.
You die...

(. ... #.# ##....###
#.# ##### ..!......#.#
#.÷.. #..#.#
#.#.#####.### #..#.#
..........#
#..#.#####.#####..# >
#.................#
....#..†......[######.#
......S@.####### #.#
.........# #.#
....#...## #.#
........# #.# # #.#....
#.# #.....# #.# ..$#..#
##.# ###.#..# #..# #.##
#<# #.#


You could see an adder.

Vanquished Creatures
  2 orc wizards (D:3)
  Natasha (D:3)
  A worker ant (D:2)
  5 adders
  2 dart slugs
  2 leopard geckos
  5 orcs (D:3)
  3 giant cockroaches
  7 goblins
  5 hobgoblins
  7 jackals
  4 kobolds
  2 quokkas (D:2)
  2 ball pythons
  9 bats
  6 frilled lizards
  11 rats
74 creatures vanquished.

Notes
Turn   | Place    | Note
-------+----------+-------------------------------------------
     0 | D:1      | bli the Merfolk Wanderer began the quest for the Orb.
     0 | D:1      | bli set off with the following items: a +0 spear, a scroll
                  | of teleportation, a +0 robe, a ration; and the following
                  | spell memorised: Freeze; and the following spells available
                  | to memorise: Throw Frost, Ozocubu's Armour, Summon Ice
                  | Beast, Throw Icicle
     0 | D:1      | Reached XP level 1. HP: 16/16 MP: 4/4
   268 | D:1      | Reached XP level 2. HP: 8/22 MP: 6/6
   275 | D:1      | Learned a level 2 spell: Throw Frost
   508 | D:1      | Reached skill level 1 in Polearms
   774 | D:1      | Reached XP level 3. HP: 27/28 MP: 4/7
  1424 | D:1      | Learned a level 3 spell: Ozocubu's Armour
  1527 | D:2      | Reached XP level 4. HP: 12/34 MP: 1/9
  1666 | D:2      | Learned a level 3 spell: Mephitic Cloud
  2036 | D:2      | Found an iron altar of Okawaru.
  2551 | D:2      | Reached XP level 5. HP: 32/39 MP: 0/10
  3187 | D:3      | Noticed an orc warrior
  3339 | D:3      | Noticed Natasha
  3350 | D:3      | Killed Natasha
  3350 | D:3      | Reached XP level 6. HP: 12/46 MP: 3/12
  3355 | D:3      | HP: 1/46 [poisoned by an adder]
  3356 | D:3      | Succumbed to an adder's poison

Vault maps used:
D:1:      saegor_arrival_simple_d, serial_forest,
          infiniplex_forest_lined_corner, infiniplex_forest_fountain,
          infiniplex_forest_clump_medium, infiniplex_forest_straight_2,
          infiniplex_forest_lined_3, infiniplex_forest_lined_2,
          infiniplex_forest_clump_small, infiniplex_forest_lined_room_3,
          minmay_misc_feat_roman, st_stairs_9
D:2:      minmay_razor_zed, old_standard_altar
D:3:      kennysheep_slug_shrine, first_ration, trog_wizard, uniq_natasha

Skill      XL: |  1  2  3  4  5 |
---------------+----------------+-----
Polearms       | 1 2 3 4 |  4.0
Ice Magic      | 2 |  2.0
Dodging        | 2 |  2.1
Spellcasting   | 4 |  4.5
Fighting       | |  2.7
Stealth        | |  1.8
Shields        | |  1.0
Conjurations   | |  0.2
Charms         | |  1.1
Poison Magic   | |  0.3

Action                   |  1- 3 |  4- 6 || total
-------------------------+-------+-------++-------
Melee: Spear             |    96 |   124 ||   220
Throw: Stone             |       |     6 ||     6
 Cast: Freeze            |    14 |    39 ||    53
       Throw Frost       |     9 |    22 ||    31
       Ozocubu's Armour  |       |     6 ||     6
  Use: Potion            |       |     4 ||     4
 Stab: Sleeping          |     4 |     3 ||     7
  Eat: Chunk             |     3 |     8 ||    11
Armor: Robe              |    27 |    37 ||    64
Dodge: Dodged            |    73 |    84 ||   157

Table legend:
 A = Non-vault XP
 B = Vault XP
 C = Vault XP percentage of total XP
 D = Non-vault monster count
 E = Vault monster count
 F = Vault count percentage of total count
                 A         B        C        D         E       F
            +---------+---------+-------+---------+---------+-------
      Total |     254 |      74 |  22.6 |      62 |      12 |  16.2
            +---------+---------+-------+---------+---------+-------
        D:1 |      44 |       3 |   6.4 |      27 |       2 |   6.9
        D:2 |      94 |      36 |  27.7 |      23 |       9 |  28.1
        D:3 |     116 |      35 |  23.2 |      12 |       1 |   7.7
            +---------+---------+-------+---------+---------+-------
